 Dungeon Crawl Stone Soup version 0.31.0-32-g396128a36d (webtiles) character file.

Game seed: 16794399635477840792

1029 Minsecho the Chopper (level 8, -9/61 HPs)
             Began as a Formicid Fighter on Mar 12, 2024.
             Mangled by a two-headed ogre
             ... wielding a +0 giant club
              (23 damage)
             ... on level 6 of the Dungeon.
             The game lasted 00:11:29 (3356 turns).

Minsecho the Chopper (Formicid Fighter)             Turns: 3356, Time: 00:11:30

Health: -9/61      AC: 13    Str: 22    XL:     8   Next: 47%
Magic:  8/8        EV:  6    Int:  9    God:
Gold:   194        SH:  5    Dex: 13    Spells: 7/7 levels left

rFire   . . .        t - +2 whip (elec)
rCold   . . .        c - +0 buckler
rNeg    . . .        p - +0 plate armour
rPois   .            (helmet unavailable)
rElec   .            (no cloak)
rCorr   .            (no gloves)
SInv    +            r - +0 pair of boots
Will    .....        (no amulet) Stlth
                     (no ring)
HPRegen 0.30/turn    (no ring)
MPRegen 0.11/turn

%: no passive effects
@: attractive
A: permanent stasis, dig shafts and tunnels, antennae 3, four strong arms
a: Dig, Shaft Self


You were on level 6 of the Dungeon.
You visited 1 branch of the dungeon, and saw 6 of its levels.

You collected 194 gold pieces.

Inventory:

Hand Weapons
 a - a +0 war axe
 b - a +0 vampiric spear
 t - a +2 whip of electrocution (weapon)
Missiles
 f - 5 javelins
 i - 6 poisoned darts (quivered)
Armour
 c - a +0 buckler (worn)
 p - a +0 plate armour (worn)
 r - a +0 pair of boots (worn)
Jewellery
 n - an amulet of faith
Scrolls
 e - 2 scrolls of vulnerability {unknown}
 h - a scroll of amnesia {unknown}
 j - 2 scrolls of teleportation {unknown}
 l - a scroll of fear {unknown}
 q - a scroll of identify {unknown}
 v - a scroll of blinking {unknown}
Potions
 g - a potion of attraction
 k - a potion of degeneration {unknown}
 m - 2 potions of mutation {unknown}
 o - a potion of enlightenment {unknown}
 s - 2 potions of brilliance {unknown}
 u - 2 potions of curing {unknown}


   Skills:
 + Level 4.9 Fighting
 * Level 5.9 Axes
 * Level 3.4 Throwing
 + Level 5.7 Armour
 + Level 0.4 Dodging
 + Level 0.3 Stealth
 + Level 5.6 Shields


You had 7 spell levels left.
You didn't know any spells.
Your spell library contained the following spells:

 Spells                   Type           Power      Damage    Failure   Level
 Apportation              Tloc           0%         N/A       100%        1
 Summon Small Mammal      Summ           0%         N/A       100%        1
 Jinxbite                 Hex            0%         N/A       100%        2
 Call Canine Familiar     Summ           0%         N/A       100%        3
 Dazzling Flash           Conj/Hex       0%         N/A       100%        3
 Mephitic Cloud           Conj/Alch/Air  0%         N/A       100%        3
 Summon Blazeheart Golem  Fire/Summ      0%         N/A       100%        4
 Alistair's Intoxication  Alch           0%         N/A       100%        5
 Curse of Agony           Necr           0%         N/A       100%        5
 Silence                  Hex/Air        0%         N/A       100%        5


Dungeon Overview and Level Annotations

Branches:
Dungeon (7/15)
 Temple: D:4-7

Altars:
Dithmenos
Nemelex Xobeh

Shops:
D:2 *

Annotations:
D:4 Robin


Innate Abilities, Weirdness & Mutations

You cannot be hasted, slowed, berserked, paralysed or teleported.
You can dig through walls and to a lower floor.
You have a pair of large antennae on your head. (SInv)
Your four strong arms can wield two-handed weapons with a shield.


Message History

You are too injured to fight recklessly!
You are too injured to fight recklessly!
You hit the hound but do no damage.
The hound is heavily wounded.
The hound barely misses you. The hound bites you but does no damage.
You closely miss the hound.
The hound is moderately wounded.
The hound pauses to sniff the ground.
The hound bites you but does no damage.
You hit the hound but do no damage. Lightning courses through the hound!
You kill the hound!
The electric eel shoots out a bolt of lightning at you!
The bolt of electricity hits you!
You start resting.
You sense a monster nearby.
You start resting.
A two-headed ogre is nearby!
It was a potion of attraction.
You feel attractive to monsters.
The two-headed ogre shouts in stereo!
Okay, then.
Unknown command.
Unknown command.
Unknown command.
Unknown command.
Unknown command.
Unknown command.
You hit the two-headed ogre.
Lightning courses through the two-headed ogre!!
The two-headed ogre is heavily wounded.
The two-headed ogre barely misses you.
The two-headed ogre hits you with a +0 giant club!
* * * LOW HITPOINT WARNING * * *
You hit the two-headed ogre.
The two-headed ogre is heavily wounded.
You whack the two-headed ogre!
The two-headed ogre is severely wounded.
You block the two-headed ogre's attack.
The two-headed ogre hits you with a +0 giant club!!
You die...

###...... .#.#
#>hO# ~≈ #..#
#..#..# { ≈≈≈
...# ...## .?#{
~≈≈≈≈{ ..## #...#
#..
~≈≈S###...#...##
.# .
#≈≈#...#.....# .
.⌠ #≈≈#.⌠.#O##..
...#≈~#...#@###
###~..~###..# .
............#
.#..####.....##
#.. ##....### #.#
##....(.#
#.###.......# {
## #.##.....%..#
)###.#..........#


You could see a two-headed ogre.

Vanquished Creatures
  Prince Ribbit (D:6)
  2 vampire mosquitoes (D:7)
  2 ice beasts (D:6)
  2 hounds (D:6)
  2 jellies (D:7)
  2 orc priests (D:6)
  A sleepcap (D:6)
  An iguana (D:6)
  3 orc wizards
  3 adders (D:2)
  A dart slug (D:4)
  7 orcs
  4 bats
  6 endoplasms
  A giant cockroach (D:2)
  6 goblins
  6 hobgoblins
  5 kobolds
  4 quokkas
  7 ball pythons
  3 frilled lizards
  4 rats
73 creatures vanquished.

Notes
Turn   | Place    | Note
-------+----------+-------------------------------------------
     0 | D:1      | Minsecho the Formicid Fighter began the quest for the Orb.
     0 | D:1      | Reached XP level 1. HP: 18/18 MP: 1/1
   147 | D:1      | Reached XP level 2. HP: 21/24 MP: 2/2
   592 | D:1      | Reached XP level 3. HP: 26/29 MP: 3/3
   946 | D:2      | Reached skill level 1 in Throwing
  1358 | D:2      | Found Rozesass's Assorted Antiques.
  1529 | D:2      | Reached XP level 4. HP: 32/35 MP: 4/4
  2283 | D:3      | Found a sparkling altar of Nemelex Xobeh.
  2612 | D:4      | Noticed Robin
  2616 | D:4      | You fall into a shaft and drop 2 floors!
  2625 | D:6      | Noticed Prince Ribbit
  2625 | D:6      | Noticed an ice beast
  2630 | D:6      | You fall into a shaft and drop 1 floor!
  2640 | D:7      | Noticed a vampire mosquito
  2640 | D:7      | Noticed a vampire mosquito
  2652 | D:7      | Killed a vampire mosquito
  2653 | D:7      | Reached XP level 5. HP: 34/42 MP: 5/5
  2653 | D:7      | Reached XP level 6. HP: 39/48 MP: 6/6
  2654 | D:7      | Killed a vampire mosquito
  2655 | D:7      | Reached skill level 5 in Shields
  2667 | D:6      | Noticed a two-headed ogre
  2845 | D:7      | Reached XP level 7. HP: 54/54 MP: 7/7
  2846 | D:7      | Found a shadowy altar of Dithmenos.
  2929 | D:6      | Killed Prince Ribbit
  2930 | D:6      | Reached skill level 5 in Axes
  2930 | D:6      | Reached skill level 5 in Armour
  2983 | D:6      | Reached XP level 8. HP: 29/61 MP: 8/8
  3356 | D:6      | Mangled by a two-headed ogre

Illustrated notes

Levels and vault maps discovered:
D:1:      nicolae_arrival_memento_mori, layout_basic, palyth_stone_intersect,
          minmay_tetromino_i2
D:2:      layout_basic, serial_shops, shop
D:3:      layout_basic, lemuel_crystal_altar
D:4:      layout_rooms, nicolae_ossuary_entry_giza, minmay_misc_feat_iff,
          uniq_crazy_yiuf_cottage, uniq_robin
D:6:      cheibrodos_fzero, layout_cave_pods, fountainhead, minmay_nine_imps,
          uniq_prince_ribbit1, uniq_duvessa, uniq_blork_the_orc
D:7:      layout_cave_pods, nicolae_overflow_crystal_walls

Skill      XL: |  1  2  3  4  5  6  7  8 |
---------------+-------------------------+-----
Throwing       | 1 2 3 |  3.4
Axes           | 4 5 |  5.9
Armour         | 4 5 |  5.7
Fighting       | 4 |  4.9
Shields        | 5 |  5.6
Dodging        | |  0.4
Stealth        | |  0.3

Action                     |  1- 3 |  4- 6 |  7- 9 || total
---------------------------+-------+-------+-------++-------
  Melee: War axe           |    89 |    13 |       ||   102
         Spear             |       |    59 |       ||    59
         Whip              |       |    48 |    90 ||   138
  Throw: Dart              |       |     2 |    17 ||    19
Ability: Shaft Self        |       |     2 |       ||     2
    Use: Potion            |       |     1 |     2 ||     3
 Armour: Scale mail        |    36 |       |       ||    36
         Plate armour      |    20 |    76 |    61 ||   157
  Dodge: Dodged            |    52 |    23 |    15 ||    90
  Block: Buckler           |    25 |    24 |    10 ||    59
